 Dungeon Crawl Stone Soup version 0.20-a0-766-g52e1353 (webtiles) character file.

12413 Laan the Cleaver (level 11, -3/73 HPs)
             Began as a Gargoyle Fighter on Feb 26, 2017.
             Was a High Priest of Okawaru.
             Killed by the air
             ... invoked by Gastronok
              (23 damage)
             ... on level 11 of the Dungeon.
             The game lasted 00:17:43 (8574 turns).

Laan the Cleaver (Gargoyle Fighter)                 Turns: 8574, Time: 00:17:44

Health: -3/73      AC: 28    Str: 28    XL:     11   Next: 93%
Magic:  11/11      EV:  6    Int: 10    God:    Okawaru [*****.]
Gold:   781        SH: 12    Dex:  9    Spells: 10/10 levels left

rFire    . . .     SeeInvis .   Y - +2 broad axe (chop)
rCold    . . .     Gourm    .   O - +0 plate armour
rNeg     + . .     Faith    .   c - +0 shield
rPois    ∞         Spirit   .   l - +2 helmet
rElec    +         Reflect  .   T - scarf {repulsion}
rCorr    .         Harm     .   q - +2 pair of gloves
MR       .....                  (no boots)
Stlth    ..........             (no amulet)
Regen    0.3/turn               p - +6 ring of strength
MPRegen  0.2/turn               s - +3 ring of protection

@: repel missiles
A: negative energy resistance 1, electricity resistance, unbreathing,
petrification resistance, rot immunity, AC +7
a: Heroism, Finesse, Renounce Religion


You were on level 11 of the Dungeon.
You worshipped Okawaru.
Okawaru was extremely pleased with you.
You were not hungry.

You visited 1 branch of the dungeon, and saw 11 of its levels.

You collected 781 gold pieces.

Inventory:

Hand Weapons
 a - a +0 war axe
 v - a +2 hand axe of venom
 J - the +9 mace "Nyro Qev" {chaos, Str+4 Int-4 SInv Stlth+, unknown}
   (You found it on level 5 of the Dungeon)

   Each time it hits an enemy it has a different, random effect.
   It affects your strength (+4).
   It affects your intelligence (-4).
   It lets you see invisible.
   It makes you more stealthy.
 Y - a +2 broad axe of chopping (weapon)
Armour
 c - a +0 shield (worn)
 l - a +2 helmet (worn)
 q - a +2 pair of gloves (worn)
 O - a +0 plate armour (worn)
 T - a scarf of repulsion (worn)
Jewellery
 p - a +6 ring of strength (right hand)
 s - a +3 ring of protection (left hand)
 y - an uncursed ring of wizardry
 C - an uncursed ring of stealth
 E - a +3 ring of strength
Wands
 e - a wand of flame (14/48)
 g - a wand of lightning (15/15)
 j - a wand of paralysis (13/24)
 I - a wand of random effects (35/48)
 S - a wand of polymorph (13/24)
 W - a wand of disintegration (6/24)
Scrolls
 b - a scroll of magic mapping {unknown}
 r - 7 scrolls of identify
 w - 2 scrolls of recharging
 D - 5 scrolls of remove curse
 F - 2 scrolls of torment {unknown}
 H - 6 scrolls of teleportation
 K - 2 scrolls of fear
 M - 4 scrolls of amnesia {unknown}
 Q - 2 scrolls of random uselessness {unknown}
 U - 3 scrolls of enchant armour {unknown}
 V - 2 scrolls of blinking {unknown}
 X - a scroll of noise {unknown}
Potions
 d - 4 potions of might
 i - 4 potions of magic
 k - 4 potions of degeneration {unknown}
 o - a potion of ambrosia {unknown}
 t - 2 potions of invisibility {unknown}
 x - 3 potions of mutation {unknown}
 z - 2 potions of brilliance {unknown}
 A - 5 potions of curing {unknown}
 B - 2 potions of resistance {unknown}
 G - a potion of cancellation {unknown}
 L - 3 potions of lignification {unknown}
 N - a potion of flight {unknown}
 P - a potion of haste
Comestibles
 f - 8 bread rations
 h - 6 royal jellies
 m - 12 fruits
 n - 5 meat rations
 R - 7 chunks of flesh


   Skills:
 + Level 10.6 Fighting
 * Level 12.0 Axes
 + Level 4.0 Armour
 + Level 10.7 Shields


You had 10 spell levels left.
You didn't know any spells.

Dungeon Overview and Level Annotations

Branches:
Dungeon (11/15)            Temple (0/1) D:4             Orc (0/2) D:9
   Lair: D:8-11

Altars:
Dithmenos
Fedhas
Gozag
Hepliaklqana
Okawaru
Qazlal
Ru

Annotations:
D:11 Gastronok


Innate Abilities, Weirdness & Mutations

You are resistant to torment.
Your stone body is resilient. (AC +7)
You are immune to poison.
You resist negative energy. (rN+)
You are resistant to electric shocks. (rElec)
You can survive without breathing.
You are immune to petrification.
You are immune to rotting.


Message History

You are too injured to fight recklessly!
You are too injured to fight recklessly!
You are too injured to fight recklessly!
You hit Gastronok.
Gastronok is moderately wounded.
You hit the crimson imp. You block the crimson imp's attack.
You hit Gastronok but do no damage.
Gastronok is moderately wounded.
You slice the crimson imp!!
You kill the crimson imp!
Okawaru accepts your kill. Gastronok bites you!
* * * LOW HITPOINT WARNING * * *
You slice Gastronok!!
Gastronok is heavily wounded.
You slice Gastronok!!
Gastronok is heavily wounded.
Gastronok waves his eye-stalks in wide circles.
The air twists around and strikes you!
You die...

.###.###.....# ##
##.###..####### #
#............# ##
##.####..####.#####.#
.###.## #.....>.......#
#...######.#####.####..
##[........# #)#
#..######## #†# #..#
#@# #<.# #w........
#..# .....#..... #..#
#.##...# ###. #..# #
..... #..# ##!.##. #...
#.[# . #..# #..# # #..#


You could see Gastronok.

Vanquished Creatures
  The ghost of luab the Severer, a journeyman MiFi of Ru (D:11)
  3 two-headed ogres
  Sonja (D:10)
  A centaur zombie (D:10)
  The ghost of Vesto the Skirmisher, a novice MiFi of Okawaru (D:6)
  A centaur skeleton (D:9)
  5 trolls
  A hornet (D:11)
  A merfolk (D:9)
  The ghost of krfreak the Digger, an amateur GrEE (D:4)
  A wyvern (D:10)
  10 yaks
  A hungry ghost (D:8)
  Menkaure (D:7)
  7 orc warriors
  2 phantoms
  A black bear (D:10)
  4 sky beasts
  3 ice beasts
  4 ogres
  3 centaurs
  Blork the orc (D:4)
  3 big kobolds
  3 bullfrogs
  A water moccasin zombie (D:9)
  3 scorpions
  5 killer bees (D:7)
  3 electric eels (D:6)
  8 howler monkeys
  A bullfrog zombie (D:8)
  5 crimson imps
  2 quasits
  3 hounds
  Crazy Yiuf (D:5)
  8 orc priests
  2 jellies (D:9)
  4 orc wizards
  Jessica (D:2)
  An iguana (D:10)
  Ijyb (D:2)
  6 worker ants
  Robin (D:2)
  A worker ant zombie (D:7)
  4 adders
  3 shadow imps
  2 oozes (D:1)
  2 adder skeletons
  3 worms
  A dart slug (D:2)
  6 leopard geckos
  43 orcs
  3 ball pythons
  6 bats
  9 giant cockroaches
  19 goblins
  10 hobgoblins
  9 jackals
  5 quokkas
  7 frilled lizards
  16 kobolds
  A leopard gecko skeleton (D:7)
  10 rats
276 creatures vanquished.

Notes
Turn   | Place    | Note
-------+----------+-------------------------------------------
     0 | D:1      | Laan the Gargoyle Fighter began the quest for the Orb.
     0 | D:1      | Reached XP level 1. HP: 14/14 MP: 1/1
    68 | D:1      | Reached XP level 2. HP: 15/19 MP: 2/2
   288 | D:1      | Reached skill level 2 in Axes
   426 | D:1      | Reached XP level 3. HP: 21/24 MP: 3/3
   778 | D:2      | Noticed Robin
   780 | D:2      | Noticed Ijyb
   792 | D:2      | Killed Ijyb
   792 | D:2      | Reached XP level 4. HP: 17/29 MP: 4/4
   812 | D:2      | Killed Robin
   812 | D:2      | Reached skill level 3 in Axes
   958 | D:2      | Noticed Jessica
   970 | D:2      | Killed Jessica
   970 | D:2      | Reached XP level 5. HP: 17/34 MP: 5/5
  1144 | D:2      | Found an iron altar of Okawaru.
  1227 | D:2      | Became a worshipper of Warmaster Okawaru
  1997 | D:4      | Noticed Blork the orc
  2007 | D:4      | Killed Blork the orc
  2007 | D:4      | Reached skill level 4 in Axes
  2007 | D:4      | Reached XP level 6. HP: 35/39 MP: 6/6
  2152 | D:4      | Noticed krfreak's ghost (amateur GrEE)
  2182 | D:4      | Killed krfreak's ghost
  2182 | D:4      | Reached skill level 5 in Fighting
  2182 | D:4      | Reached skill level 5 in Shields
  2392 | D:4      | Reached * piety under Okawaru
  2392 | D:4      | Reached XP level 7. HP: 41/44 MP: 7/7
  2443 | D:4      | Found a sacrificial altar of Ru.
  2563 | D:4      | Reached skill level 5 in Axes
  2712 | D:4      | Found a staircase to the Ecumenical Temple.
  3169 | D:5      | Entered Level 5 of the Dungeon
  3469 | D:5      | Found a runed door.
  3807 | D:5      | Noticed Crazy Yiuf
  3810 | D:5      | Killed Crazy Yiuf
  3820 | D:5      | Got a warped mace
  3849 | D:6      | Noticed Vesto's ghost (novice MiFi)
  3868 | D:6      | Killed Vesto's ghost
  3868 | D:6      | Reached skill level 6 in Axes
  3868 | D:6      | Reached XP level 8. HP: 47/51 MP: 8/8
  3902 | D:6      | Reached ** piety under Okawaru
  3921 | D:6      | Reached skill level 7 in Axes
  4108 | D:6      | Found an opulent altar of Gozag.
  4251 | D:6      | Reached XP level 9. HP: 51/56 MP: 9/9
  4426 | D:6      | Noticed a two-headed ogre
  4468 | D:6      | Killed a two-headed ogre
  4468 | D:6      | Reached skill level 8 in Axes
  4907 | D:7      | Reached *** piety under Okawaru
  5212 | D:7      | Found a shadowy altar of Dithmenos.
  5253 | D:7      | Noticed Menkaure
  5261 | D:7      | Killed Menkaure
  5261 | D:7      | Reached skill level 9 in Axes
  5513 | D:7      | Reached XP level 10. HP: 60/64 MP: 10/10
  5543 | D:7      | Found a stormy altar of Qazlal.
  5995 | D:8      | Found a blossoming altar of Fedhas.
  6198 | D:8      | Found a hazy altar of Hepliaklqana.
  6500 | D:9      | Reached **** piety under Okawaru
  6569 | D:9      | Reached skill level 10 in Axes
  6669 | D:9      | Found a staircase to the Orcish Mines.
  6856 | D:9      | Reached ***** piety under Okawaru
  6881 | D:9      | Received a gift from Okawaru
  7016 | D:9      | Reached XP level 11. HP: 72/72 MP: 11/11
  7022 | D:9      | Found an iron altar of Okawaru.
  7216 | D:9      | Reached skill level 11 in Axes
  7505 | D:10     | Entered Level 10 of the Dungeon
  7505 | D:10     | Noticed Sonja
  7512 | D:10     | Killed Sonja
  7512 | D:10     | Reached skill level 10 in Fighting
  7512 | D:10     | Reached skill level 10 in Shields
  7826 | D:10     | Noticed a two-headed ogre
  7835 | D:10     | Killed a two-headed ogre
  7847 | D:10     | Noticed a two-headed ogre
  7860 | D:10     | Killed a two-headed ogre
  8518 | D:11     | Noticed luab's ghost (journeyman MiFi)
  8537 | D:11     | Noticed Gastronok
  8559 | D:11     | Killed luab's ghost
  8559 | D:11     | Reached skill level 12 in Axes
  8574 | D:11     | Killed from afar by Gastronok

Vault maps used:
D:1:      saegor_arrival_miasma
D:2:      nicolae_overflow_hidden_temple, okawaru_ov_weapons_minmay, uniq_iyjb,
          uniq_jessica, uniq_robin
D:4:      kennysheep_goblin_castle, temple_doors_e, first_bread, minivault_14,
          nicolae_ru_great_annihilating_truth, uniq_blork_the_orc
D:5:      uniq_crazy_yiuf_cottage
D:6:      kennysheep_big_flooded_room, lemuel_crystal_altar
D:7:      kennysheep_mini_moat, minivault_10, grunt_dithmenos_smoke_and_mirrors,
          uniq_menkaure
D:8:      lemuel_doored_altar, fedhas_altar_1, kennysheep_generic_room_6
D:9:      nicolae_overflow_crystal_walls, hiddenorc1_lemuel, hangedman_fish_farm
D:10:     uniq_sonja
D:11:     lair_entry_dummy, serial_shops, nicolae_shop_window_shopping,
          doesnt_xom_only_xom, uniq_gastronok

Skill      XL: |  1  2  3  4  5  6  7  8  9 10 11 |
---------------+----------------------------------+-----
Axes           | 2 3 4 6 7 9 10 12 | 12.0
Shields        | 4 5 6 8 9 10 | 10.7
Fighting       | 4 5 6 8 9 10 | 10.6
Armour         | 4 |  4.0

Action                   |  1- 3 |  4- 6 |  7- 9 | 10-12 || total
-------------------------+-------+-------+-------+-------++-------
Melee: War axe           |   115 |   149 |    15 |       ||   279
       Hand axe          |       |    36 |   267 |   486 ||   789
       Broad axe         |       |       |       |    55 ||    55
Invok: Heroism           |       |       |     1 |     1 ||     2
Evoke: Wand              |       |       |       |     1 ||     1
  Use: Scroll            |       |     6 |       |     2 ||     8
 Stab: Paralysed         |       |       |     1 |     3 ||     4
       Invisible         |       |       |     1 |       ||     1
  Eat: Chunk             |       |     5 |    11 |    10 ||    26
Armor: Scale mail        |    14 |       |       |       ||    14
       Chain mail        |    57 |   134 |   111 |       ||   302
       Plate armour      |       |       |    11 |   223 ||   234
Dodge: Dodged            |    32 |    36 |    52 |    75 ||   195
       Deflected         |       |       |       |     1 ||     1
Block: Shield            |    69 |    92 |   134 |   269 ||   564
